 Dungeon Crawl Stone Soup version 0.28.0 (webtiles) character file.

Game seed: 13084193691142199710

17 crazypyro the Chucker (level 2, -1/31 HPs)
             Began as an Ogre Hunter on Feb 4, 2022.
             Killed by nerve-wracking pain
             ... invoked by Jessica
              (10 damage)
             ... on level 2 of the Dungeon.
             The game lasted 00:01:23 (1107 turns).

crazypyro the Chucker (Ogre Hunter)                 Turns: 1107, Time: 00:01:24

Health: -1/31      AC: 10    Str: 15    XL:     2   Next: 62%
Magic:  2/2        EV: 10    Int: 12    God:
Gold:   19         SH:  0    Dex:  9    Spells: 1/1 levels left

rFire   . . .      SeeInvis .   h - +0 mace (protect)
rCold   . . .      Faith    .   (no shield)
rNeg    . . .      Spirit   .   b - +0 robe
rPois   .          Reflect  .   (helmet restricted)
rElec   .          Harm     .   (no cloak)
rCorr   .          Rampage  .   (gloves unavailable)
Will    .....                   (boots unavailable)
Stlth   +.........              (no amulet)
HPRegen 0.10/turn               (no ring)
MPRegen 0.08/turn               (no ring)

@: lethally poisoned (-1 -> -12), under a protective aura
A: large, unfitting armour, tough skin 1
a: no special abilities


You were on level 2 of the Dungeon.
You visited 1 branch of the dungeon, and saw 2 of its levels.

You collected 133 gold pieces.
You spent 114 gold pieces at shops.

Inventory:

Hand Weapons
 a - a +0 short sword
 h - a +0 mace of protection (weapon)
Missiles
 c - a large rock (quivered)
 d - 2 throwing nets
Armour
 b - a +0 robe (worn)
Scrolls
 e - 2 scrolls of identify {unknown}
 f - a scroll of enchant armour {unknown}
Potions
 g - a potion of lignification {unknown}
 i - 2 potions of might {unknown}
 j - a potion of curing {unknown}
 k - 3 potions of attraction {unknown}


   Skills:
 - Level 3.0 Fighting
 * Level 0.7 Maces & Flails
 - Level 4.1 Throwing
 - Level 2.0 Dodging
 - Level 1.0 Stealth


You had one spell level left.
You didn't know any spells.
Your spell library was empty.

Dungeon Overview and Level Annotations

Branches:
Dungeon (2/15)

Altars:

Shops:
D:2 [(

Annotations:
D:2 Jessica, Sigmund


Innate Abilities, Weirdness & Mutations

You are too large for most types of armour.
You have tough skin. (AC +1)


Message History

j - a cyan potion You enter the shallow water.
Moving in this stuff is going to be slow.
k - 3 blue potions No target in view!
No target in view!
No target in view!
Found a stone staircase leading up.
Found a trident.
You see here a +0 trident.
You now have 19 gold pieces (gained 10).
Sigmund the Dreaded comes into view.
He is wielding a +2 scythe of venom and wearing a +0 robe of cold resistance.
Sigmund shouts!
Jessica the Apprentice Sorceress comes into view.
She is wielding a +0 dagger.
Sigmund completely misses you.
You throw a large rock.
Jessica shouts!
The large rock hits Sigmund!!
Sigmund is severely wounded.
Sigmund barely misses you. x2
Jessica says, "Why did you come here?"
You closely miss Sigmund.
Sigmund is severely wounded.
Jessica gestures wildly while chanting.
Jessica seems to speed up.
Sigmund hits you with a +2 scythe of venom!
You are lethally poisoned!
You hit Sigmund.
Your weapon exudes an aura of protection.
Sigmund is severely wounded.
You feel very sick. Jessica hits you but does no damage. Jessica misses you.
You hit Sigmund.
Sigmund is severely wounded.
* * * LOW HITPOINT WARNING * * *
You feel very sick. Jessica hits you but does no damage.
Sigmund barely misses you. Jessica gestures at you while chanting.
Pain shoots through your body!
You die...

#. #.#<......# # ##
#.####.#.......# ..
.. .......#.......#
... . #.#..........#
....#. #....#.......#
....$###.####.......#
#.....# #.......#
###@### ######### #@#
#@# #.# #.. ###


You could see Sigmund and Jessica (fast).

Vanquished Creatures
  A dart slug (D:2)
  An endoplasm (D:1)
  2 goblins
  3 kobolds (D:1)
  A quokka (D:1)
  2 ball pythons
  4 bats (D:1)
  A rat (D:2)
15 creatures vanquished.

Vanquished Creatures (others)
  A fungus (D:1)
  5 toadstools (D:1)
6 creatures vanquished.

Grand Total: 21 creatures vanquished

Notes
Turn   | Place    | Note
-------+----------+-------------------------------------------
     0 | D:1      | crazypyro the Ogre Hunter began the quest for the Orb.
     0 | D:1      | Reached XP level 1. HP: 22/22 MP: 1/1
   422 | D:1      | Reached skill level 1 in Stealth
   422 | D:1      | Reached XP level 2. HP: 29/29 MP: 2/2
   477 | D:1      | Found a faded altar of an unknown god.
   892 | D:2      | Found Xoneatyi's Antique Weapon Shop.
   906 | D:2      | Bought a glowing mace for 114 gold pieces
   907 | D:2      | Found Owoggick's Armour Emporium.
  1101 | D:2      | Noticed Sigmund
  1102 | D:2      | Noticed Jessica
  1107 | D:2      | Killed from afar by Jessica

Illustrated notes

Levels and vault maps discovered:
D:1:      scummos_arrival_gate, layout_basic,
          chequers_ecumenical_altar_simple_redux, minmay_misc_feat_tower,
          minmay_gold_behind_fungi
D:2:      layout_loops_cross, serial_shops, shop, nicolae_shop_trees, shop,
          dk_vineyard_3, uniq_jessica, uniq_sigmund, uniq_crazy_yiuf_cottage

Skill      XL: |  1  2 |
---------------+-------+-----
Dodging        | 2 |  2.0
Stealth        | 1 |  1.0
Fighting       | 3 |  3.0
Maces & Flails | |  0.7
Throwing       | |  4.1

Action                   || total
-------------------------++-------
Melee: Short sword       ||     9
       Mace              ||    13
Throw: Large rock        ||    17
Armor: Robe              ||    10
Dodge: Dodged            ||    14
